[ AOE2 MATCH · #466454573 ]
UnrankedPersians vs Berbers
[ REPLAY ANALYSIS · EXTRACTED FROM THE RECORDED GAME ]
Feudal
11:19
Castle
—
Imperial
—
| APM avg | 50.6 |
| APM peak | 84 |
| eAPM avg | 22.9 |
| Villagers / military | 46 / 19 |
Focus
⚔️ 37.1% · 🌾 62.9%
Fire Galley ×19 · Unknown (2626) ×18 · Fishing Ship ×6
Feudal
12:48
Castle
17:14
Imperial
—
| APM avg | 33.4 |
| APM peak | 69 |
| eAPM avg | 16.9 |
| Villagers / military | 30 / 4 |
Focus
⚔️ 31.3% · 🌾 68.7%
Camel Archer ×4 · Fishing Ship ×3
Feudal
14:18
Castle
—
Imperial
—
| APM avg | 32.8 |
| APM peak | 70 |
| eAPM avg | 16.0 |
| Villagers / military | 44 / 17 |
Focus
⚔️ 19.3% · 🌾 80.7%
Archer ×17
Feudal
12:29
Castle
—
Imperial
—
| APM avg | 41.6 |
| APM peak | 85 |
| eAPM avg | 19.1 |
| Villagers / military | 50 / 17 |
Focus
⚔️ 32.9% · 🌾 67.1%
Galley ×17 · Fishing Ship ×7
Feudal
13:12
Castle
18:49
Imperial
—
| APM avg | 68.2 |
| APM peak | 161 |
| eAPM avg | 15.3 |
| Villagers / military | 48 / 12 |
Focus
⚔️ 37.9% · 🌾 62.1%
Galley ×12 · Fishing Ship ×12
Feudal
14:26
Castle
18:21
Imperial
—
| APM avg | 41.1 |
| APM peak | 115 |
| eAPM avg | 16.6 |
| Villagers / military | 53 / 8 |
Focus
⚔️ 27.5% · 🌾 72.5%
Samurai ×7 · Fishing Ship ×7 · Battering Ram ×1
Feudal
13:50
Castle
—
Imperial
—
| APM avg | 35.3 |
| APM peak | 63 |
| eAPM avg | 19.4 |
| Villagers / military | 38 / 5 |
Focus
⚔️ 35.7% · 🌾 64.3%
Fishing Ship ×6 · Unknown (2626) ×6 · Galley ×5
Feudal
13:42
Castle
17:12
Imperial
—
| APM avg | 39.2 |
| APM peak | 63 |
| eAPM avg | 13.8 |
| Villagers / military | 38 / 6 |
Focus
⚔️ 28.1% · 🌾 71.9%
Fishing Ship ×7 · Knight ×3 · Scout Cavalry ×3
Match map
Initial resources + every placement click. Lines = walls · curves = elevation contours. ◆ gold · ⬟ stone · ● berries · ✦ relic · ◌ wall gap
Your base· Open — unwalled flank
BomBomB0's base· Open — unwalled flank
Simon Stokvis's base· Open — unwalled flank
SHell | Denchik_Ne_Lohx's base· Open — unwalled flank
T's base· Open — unwalled flank
快上我滴大冲车创他 0.0's base· Open — unwalled flank
asdf's base· Open — unwalled flank
Kyandie's base· Open — unwalled flank
Smoothed initial terrain · ◌ = detected wall gap · hover for details
Inputs per minute
— Idle Brother - - BomBomB0
Build order — Idle Brother
115 actions detected in the replay
| 0:19 | Build | Dock |
| 1:00 | Build | Town Center |
| 2:08 | Build | House |
| 2:54 | Create | Villager (Male) ×5 |
| 2:54 | Create | Villager (Male) ×5 |
| 3:13 | Create | Fishing Ship |
| 3:13 | Create | Fishing Ship |
| 4:03 | Build | House |
| 4:21 | Create | Villager (Male) |
| 5:02 | Create | Villager (Male) |
| 5:02 | Create | Villager (Male) |
| 5:04 | Create | Fishing Ship |
| 5:06 | Build | House |
| 5:10 | Create | Villager (Male) |
| 5:45 | Create | Villager (Male) |
| 6:00 | Create | Fishing Ship |
| 6:17 | Create | Villager (Male) |
| 6:31 | Create | Fishing Ship |
| 6:35 | Create | Villager (Male) |
| 6:48 | Build | House |
| 7:13 | Create | Villager (Male) |
| 7:20 | Create | Fishing Ship |
| 7:21 | Create | Villager (Male) |
| 7:52 | Create | Villager (Male) |
| 7:56 | Build | Lumber Camp |
| 8:19 | Create | Villager (Male) |
| 8:41 | Create | Villager (Male) |
| 9:12 | Research | Feudal Age |
| 9:12 | Research | Feudal Age |
| 9:46 | Build | House |
| 9:58 | Create | Villager (Male) |
| 10:18 | Build | Dock |
| 10:37 | Create | Villager (Male) |
| 10:41 | Build | House |
| 11:09 | Build | Mining Camp |
| 11:19 | Age | Feudal Age |
| 11:23 | Create | Unit 2626 |
| 11:23 | Create | Unit 2626 |
| 11:44 | Research | Double-Bit Axe |
| 11:44 | Research | Double-Bit Axe |
| 11:44 | Research | Double-Bit Axe |
| 11:48 | Create | Villager (Male) |
| 12:14 | Build | Dock |
| 12:21 | Create | Villager (Male) |
| 12:22 | Create | Villager (Male) |
| 12:47 | Create | Unit 2626 |
| 12:47 | Create | Unit 2626 |
| 12:59 | Create | Unit 2626 |
| 12:59 | Create | Unit 2626 |
| 13:00 | Create | Villager (Male) |
| 13:11 | Research | Loom |
| 13:11 | Research | Loom |
| 13:17 | Build | House |
| 13:20 | Build | House |
| 13:20 | Build | House |
| 13:36 | Create | Unit 2626 |
| 13:36 | Create | Unit 2626 |
| 13:37 | Create | Villager (Male) |
| 13:37 | Create | Villager (Male) |
| 13:47 | Create | Fire Galley |
| 13:47 | Create | Fire Galley |
| 14:13 | Create | Fire Galley |
| 14:13 | Create | Fire Galley |
| 14:14 | Create | Villager (Male) |
| 14:20 | Create | Villager (Male) |
| 14:29 | Build | House |
| 14:29 | Build | House |
| 14:38 | Create | Fire Galley |
| 14:38 | Create | Fire Galley |
| 14:41 | Create | Villager (Male) |
| 14:58 | Create | Fire Galley |
| 14:58 | Create | Fire Galley |
| 14:59 | Create | Villager (Male) |
| 14:59 | Create | Villager (Male) |
| 15:38 | Create | Fire Galley |
| 15:38 | Create | Fire Galley |
| 15:39 | Create | Unit 2626 |
| 15:40 | Create | Unit 2626 |
| 15:47 | Create | Villager (Male) |
| 15:50 | Build | House |
| 15:50 | Build | House |
| 16:10 | Build | Mill |
| 16:16 | Create | Fire Galley |
| 16:16 | Create | Fire Galley |
| 16:36 | Create | Fire Galley |
| 16:36 | Create | Fire Galley |
| 17:03 | Create | Fire Galley |
| 17:03 | Create | Fire Galley |
| 17:03 | Create | Villager (Male) |
| 17:04 | Create | Villager (Male) |
| 17:23 | Create | Villager (Male) |
| 17:28 | Create | Fire Galley |
| 17:28 | Create | Fire Galley |
| 17:28 | Create | Fire Galley |
| 17:32 | Create | Unit 2626 |
| 17:32 | Create | Unit 2626 |
| 17:34 | Create | Villager (Male) |
| 17:47 | Create | Villager (Male) |
| 17:50 | Build | Blacksmith |
| 17:55 | Build | Market |
| 18:07 | Create | Villager (Male) |
| 18:18 | Create | Unit 2626 |
| 18:18 | Create | Unit 2626 |
| 18:54 | Create | Unit 2626 |
| 18:54 | Create | Unit 2626 |
| 19:21 | Create | Unit 2626 |
| 19:22 | Create | Unit 2626 |
| 19:22 | Create | Villager (Male) |
| 19:23 | Create | Villager (Male) |
| 19:23 | Create | Villager (Male) |
| 19:24 | Create | Villager (Male) |
| 19:57 | Research | Castle Age |
| 19:57 | Research | Castle Age |
| 19:58 | Research | Castle Age |
| 20:08 | Build | Lumber Camp |
Build order — BomBomB0
71 actions detected in the replay
| 0:08 | Build | Dock |
| 1:28 | Build | Town Center |
| 2:05 | Build | House |
| 3:22 | Create | Villager (Male) |
| 3:22 | Create | Villager (Male) |
| 3:22 | Create | Villager (Male) ×2 |
| 3:33 | Create | Villager (Male) |
| 4:49 | Create | Fishing Ship |
| 5:01 | Build | House |
| 5:04 | Build | Palisade Wall |
| 5:07 | Create | Villager (Male) |
| 5:31 | Build | House |
| 5:49 | Create | Villager (Male) |
| 6:16 | Create | Villager (Male) |
| 6:46 | Create | Villager (Male) |
| 6:47 | Create | Fishing Ship |
| 7:04 | Create | Villager (Male) |
| 7:22 | Build | House |
| 7:27 | Create | Villager (Male) |
| 7:27 | Create | Villager (Male) |
| 7:30 | Create | Fishing Ship |
| 7:53 | Create | Villager (Male) |
| 8:01 | Create | Villager (Male) |
| 8:12 | Build | Mill |
| 8:18 | Create | Villager (Male) |
| 8:25 | Build | House |
| 8:34 | Create | Villager (Male) |
| 8:47 | Create | Villager (Male) |
| 8:58 | Build | Building 800 |
| 9:24 | Create | Villager (Male) |
| 9:40 | Build | House |
| 9:42 | Build | Palisade Wall |
| 10:32 | Build | Outpost |
| 10:36 | Build | Palisade Wall |
| 10:38 | Research | Feudal Age |
| 10:56 | Build | House |
| 11:07 | Create | Villager (Male) |
| 11:29 | Build | Palisade Wall |
| 11:47 | Create | Villager (Male) |
| 12:48 | Age | Feudal Age |
| 12:51 | Create | Villager (Male) |
| 12:57 | Build | Market |
| 13:19 | Create | Villager (Male) |
| 13:38 | Create | Villager (Male) |
| 13:49 | Build | Blacksmith |
| 14:05 | Create | Villager (Male) |
| 14:34 | Research | Castle Age |
| 14:35 | Research | Castle Age |
| 14:41 | Build | Mining Camp |
| 15:32 | Build | Lumber Camp |
| 15:52 | Build | Palisade Wall |
| 15:53 | Build | Palisade Wall |
| 15:56 | Build | Palisade Wall |
| 15:57 | Build | Palisade Wall |
| 16:31 | Research | Double-Bit Axe |
| 17:02 | Build | Mining Camp |
| 17:14 | Age | Castle Age |
| 17:18 | Create | Villager (Male) |
| 17:19 | Create | Villager (Male) |
| 17:24 | Research | Bow Saw |
| 17:37 | Create | Villager (Male) |
| 18:16 | Build | Castle |
| 18:21 | Create | Villager (Male) |
| 18:27 | Research | Gold Mining |
| 18:38 | Create | Villager (Male) |
| 18:55 | Create | Villager (Male) |
| 19:29 | Create | Camel Archer |
| 19:29 | Create | Camel Archer |
| 19:34 | Build | Mill |
| 19:44 | Create | Camel Archer |
| 20:10 | Create | Camel Archer |
Build order — Simon Stokvis
89 actions detected in the replay
| 0:58 | Build | Town Center |
| 1:23 | Build | House |
| 2:29 | Create | Villager (Male) ×4 |
| 2:48 | Research | Loom |
| 2:49 | Create | Villager (Male) |
| 2:49 | Create | Villager (Male) |
| 2:57 | Build | House |
| 3:58 | Create | Villager (Male) |
| 3:58 | Create | Villager (Male) |
| 4:31 | Create | Villager (Male) |
| 4:32 | Create | Villager (Male) |
| 5:05 | Create | Villager (Male) |
| 5:41 | Create | Villager (Male) |
| 5:42 | Create | Villager (Male) |
| 5:59 | Create | Villager (Male) |
| 5:59 | Create | Villager (Male) |
| 6:22 | Build | House |
| 6:35 | Create | Villager (Male) |
| 6:36 | Create | Villager (Male) |
| 6:44 | Build | House |
| 6:53 | Build | Palisade Wall |
| 6:56 | Build | Building 796 |
| 7:02 | Create | Villager (Male) |
| 7:02 | Create | Villager (Male) |
| 7:16 | Create | Villager (Male) |
| 7:16 | Create | Villager (Male) |
| 7:33 | Build | House |
| 7:42 | Build | Palisade Wall |
| 7:44 | Build | Palisade Wall |
| 7:56 | Create | Villager (Male) |
| 7:56 | Create | Villager (Male) |
| 7:56 | Create | Villager (Male) |
| 8:07 | Build | Palisade Wall |
| 8:27 | Build | Mill |
| 8:39 | Create | Villager (Male) |
| 8:40 | Create | Villager (Male) |
| 9:35 | Create | Villager (Male) |
| 9:40 | Build | Palisade Wall |
| 9:53 | Build | House |
| 10:02 | Create | Villager (Male) |
| 10:06 | Build | House |
| 10:22 | Create | Villager (Male) |
| 10:54 | Create | Villager (Male) |
| 11:12 | Build | Barracks |
| 11:40 | Create | Villager (Male) |
| 12:08 | Research | Feudal Age |
| 12:08 | Research | Feudal Age |
| 12:12 | Build | Lumber Camp |
| 13:03 | Create | Villager (Male) |
| 13:03 | Create | Villager (Male) |
| 14:18 | Age | Feudal Age |
| 14:21 | Build | Archery Range |
| 14:25 | Build | Archery Range |
| 14:29 | Create | Villager (Male) |
| 14:34 | Build | Blacksmith |
| 14:39 | Research | Double-Bit Axe |
| 15:07 | Create | Archer |
| 15:10 | Create | Villager (Male) |
| 15:23 | Create | Archer |
| 15:29 | Build | House |
| 15:30 | Build | House |
| 15:35 | Build | House |
| 15:45 | Create | Archer |
| 15:45 | Create | Archer |
| 15:45 | Create | Archer |
| 15:51 | Research | Fletching |
| 15:59 | Create | Archer |
| 16:12 | Create | Villager (Male) |
| 16:49 | Create | Archer |
| 16:49 | Create | Archer |
| 16:49 | Create | Villager (Male) |
| 16:50 | Create | Villager (Male) |
| 17:04 | Create | Archer |
| 17:04 | Create | Archer |
| 17:07 | Create | Villager (Male) |
| 17:07 | Create | Villager (Male) |
| 17:43 | Build | Archery Range |
| 17:46 | Create | Archer |
| 17:46 | Create | Archer |
| 17:53 | Create | Archer |
| 17:53 | Create | Archer |
| 17:53 | Create | Archer |
| 17:54 | Create | Villager (Male) |
| 17:54 | Create | Villager (Male) |
| 18:22 | Create | Archer |
| 18:22 | Create | Archer |
| 19:15 | Create | Villager (Male) |
| 19:15 | Create | Villager (Male) |
| 19:49 | Build | House |
Build order — SHell | Denchik_Ne_Lohx
114 actions detected in the replay
| 1:01 | Build | Town Center |
| 1:24 | Build | Dock |
| 1:27 | Build | House |
| 2:53 | Create | Villager (Male) |
| 2:53 | Create | Villager (Male) |
| 2:53 | Create | Villager (Male) |
| 2:54 | Create | Villager (Male) |
| 2:54 | Create | Villager (Male) |
| 4:07 | Create | Fishing Ship |
| 4:07 | Create | Fishing Ship |
| 4:22 | Research | Loom |
| 4:40 | Build | House |
| 4:49 | Create | Villager (Male) |
| 4:49 | Create | Villager (Male) |
| 5:11 | Create | Villager (Male) |
| 5:11 | Create | Villager (Male) |
| 5:41 | Create | Villager (Male) |
| 5:41 | Create | Villager (Male) |
| 5:54 | Build | House |
| 6:11 | Create | Villager (Male) |
| 6:11 | Create | Villager (Male) |
| 6:36 | Create | Villager (Male) |
| 6:36 | Create | Villager (Male) |
| 6:49 | Create | Fishing Ship |
| 6:49 | Create | Fishing Ship |
| 7:01 | Create | Villager (Male) |
| 7:01 | Create | Villager (Male) |
| 7:01 | Create | Villager (Male) |
| 7:22 | Create | Villager (Male) |
| 7:22 | Create | Villager (Male) |
| 7:35 | Create | Fishing Ship |
| 7:44 | Build | House |
| 7:48 | Create | Villager (Male) |
| 7:48 | Create | Villager (Male) |
| 8:03 | Create | Villager (Male) |
| 8:17 | Create | Villager (Male) |
| 8:19 | Create | Fishing Ship |
| 8:38 | Create | Villager (Male) |
| 8:45 | Create | Villager (Male) |
| 8:55 | Build | House |
| 9:08 | Build | Mule Cart |
| 9:17 | Build | House |
| 9:25 | Create | Villager (Male) |
| 9:43 | Build | House |
| 9:53 | Create | Fishing Ship |
| 10:19 | Research | Feudal Age |
| 10:19 | Research | Feudal Age |
| 10:19 | Research | Feudal Age |
| 10:56 | Create | Villager (Male) |
| 10:59 | Build | Mule Cart |
| 11:14 | Build | Dock |
| 12:29 | Age | Feudal Age |
| 12:33 | Create | Galley |
| 12:34 | Create | Galley |
| 12:34 | Create | Galley |
| 12:54 | Create | Galley |
| 12:55 | Create | Galley |
| 12:56 | Create | Villager (Male) |
| 12:56 | Create | Villager (Male) |
| 12:57 | Create | Villager (Male) |
| 12:59 | Research | Double-Bit Axe |
| 13:00 | Research | Double-Bit Axe |
| 13:13 | Build | House |
| 13:28 | Create | Galley |
| 13:28 | Create | Galley |
| 13:35 | Create | Villager (Male) |
| 13:39 | Build | House |
| 13:53 | Create | Galley |
| 13:54 | Create | Galley |
| 13:56 | Create | Villager (Male) |
| 14:17 | Create | Galley |
| 14:42 | Build | House |
| 14:50 | Create | Villager (Male) |
| 14:52 | Build | Blacksmith |
| 15:30 | Create | Villager (Male) |
| 15:33 | Create | Galley |
| 15:33 | Create | Galley |
| 15:34 | Create | Villager (Male) |
| 15:34 | Create | Villager (Male) |
| 15:44 | Create | Villager (Male) |
| 16:08 | Research | Fletching |
| 16:08 | Research | Fletching |
| 16:14 | Build | Mill |
| 16:19 | Create | Villager (Male) |
| 16:21 | Create | Galley |
| 16:22 | Create | Galley |
| 16:37 | Build | Mill |
| 16:38 | Create | Villager (Male) |
| 16:47 | Create | Galley |
| 17:21 | Create | Villager (Male) |
| 17:24 | Create | Galley |
| 17:25 | Create | Galley |
| 17:44 | Research | Town Watch |
| 17:44 | Research | Town Watch |
| 17:44 | Research | Town Watch |
| 17:52 | Build | Mill |
| 17:59 | Build | House |
| 18:07 | Create | Villager (Male) |
| 18:07 | Create | Villager (Male) |
| 18:14 | Create | Villager (Male) |
| 18:14 | Create | Villager (Male) |
| 18:23 | Create | Villager (Male) |
| 18:27 | Build | House |
| 18:30 | Build | House |
| 18:33 | Build | House |
| 18:35 | Build | House |
| 18:37 | Build | Palisade Wall |
| 18:39 | Build | Palisade Wall |
| 18:44 | Build | Building 665 |
| 18:45 | Create | Villager (Male) |
| 18:46 | Create | Villager (Male) |
| 18:53 | Build | House |
| 19:13 | Create | Villager (Male) |
| 19:20 | Create | Villager (Male) |
Build order — T
96 actions detected in the replay
| 0:58 | Build | Town Center |
| 2:31 | Build | House |
| 2:32 | Create | Villager (Male) ×4 |
| 2:32 | Create | Villager (Male) ×4 |
| 3:00 | Build | Dock |
| 3:39 | Create | Villager (Male) |
| 3:39 | Create | Villager (Male) |
| 4:13 | Build | House |
| 4:35 | Create | Villager (Male) |
| 4:35 | Create | Villager (Male) |
| 4:37 | Create | Fishing Ship |
| 4:38 | Create | Fishing Ship |
| 5:06 | Create | Villager (Male) |
| 5:07 | Create | Villager (Male) |
| 5:16 | Build | House |
| 5:39 | Create | Villager (Male) |
| 5:39 | Create | Villager (Male) |
| 6:03 | Create | Villager (Male) |
| 6:17 | Create | Fishing Ship |
| 6:17 | Create | Fishing Ship |
| 6:30 | Create | Villager (Male) ×2 |
| 6:30 | Create | Villager (Male) ×2 |
| 6:56 | Create | Villager (Male) |
| 7:10 | Build | House |
| 7:11 | Build | House |
| 7:14 | Create | Villager (Male) |
| 7:14 | Create | Villager (Male) |
| 7:22 | Create | Fishing Ship |
| 7:22 | Create | Fishing Ship |
| 7:49 | Create | Fishing Ship |
| 7:51 | Create | Villager (Male) ×3 |
| 7:51 | Create | Villager (Male) ×3 |
| 8:37 | Build | Mill |
| 8:44 | Create | Fishing Ship |
| 8:57 | Create | Villager (Male) |
| 8:59 | Build | House |
| 9:16 | Create | Fishing Ship |
| 9:18 | Create | Villager (Male) |
| 9:51 | Create | Fishing Ship |
| 9:56 | Build | House |
| 10:21 | Create | Villager (Male) ×5 |
| 10:58 | Create | Fishing Ship |
| 11:02 | Research | Feudal Age |
| 11:22 | Build | Dock |
| 11:44 | Build | House |
| 12:25 | Create | Fishing Ship |
| 12:30 | Build | House |
| 12:31 | Build | House |
| 12:57 | Create | Villager (Male) |
| 13:12 | Age | Feudal Age |
| 13:15 | Create | Galley |
| 13:15 | Create | Galley |
| 13:23 | Build | Lumber Camp |
| 13:26 | Create | Villager (Male) |
| 13:43 | Create | Villager (Male) |
| 13:50 | Build | Market |
| 13:52 | Create | Galley |
| 13:52 | Create | Galley |
| 13:53 | Create | Villager (Male) |
| 14:01 | Research | Double-Bit Axe |
| 14:01 | Research | Double-Bit Axe |
| 14:34 | Create | Villager (Male) |
| 14:44 | Build | Blacksmith |
| 15:19 | Create | Villager (Male) |
| 15:20 | Create | Villager (Male) |
| 15:21 | Create | Galley |
| 15:21 | Create | Galley |
| 15:42 | Build | Mill |
| 16:08 | Research | Castle Age |
| 16:09 | Research | Castle Age |
| 16:12 | Create | Galley |
| 16:13 | Create | Galley |
| 16:40 | Build | Lumber Camp |
| 17:06 | Build | Mining Camp |
| 17:10 | Research | Fletching |
| 17:10 | Research | Fletching |
| 17:18 | Create | Galley |
| 17:19 | Create | Galley |
| 17:27 | Build | House |
| 17:28 | Build | House |
| 17:43 | Create | Galley |
| 18:08 | Create | Galley |
| 18:30 | Research | Loom |
| 18:30 | Create | Villager (Male) |
| 18:49 | Age | Castle Age |
| 18:51 | Research | War Galley (upgrade) |
| 18:51 | Research | Bodkin Arrow |
| 18:51 | Research | Bodkin Arrow |
| 19:07 | Build | Town Center |
| 19:17 | Create | Villager (Male) |
| 19:19 | Build | Town Center |
| 19:48 | Create | Villager (Male) |
| 19:57 | Build | Town Center |
| 20:18 | Create | Villager (Male) |
| 20:24 | Research | Bow Saw |
| 20:24 | Research | Bow Saw |
Build order — 快上我滴大冲车创他 0.0
94 actions detected in the replay
| 1:16 | Build | Town Center |
| 2:31 | Build | House |
| 2:48 | Create | Villager (Male) |
| 2:49 | Create | Villager (Male) |
| 2:49 | Create | Villager (Male) |
| 2:49 | Create | Villager (Male) |
| 2:49 | Create | Villager (Male) |
| 2:50 | Create | Villager (Male) |
| 2:55 | Research | Loom |
| 2:56 | Create | Villager (Male) |
| 2:56 | Create | Villager (Male) |
| 2:56 | Create | Villager (Male) |
| 2:56 | Create | Villager (Male) |
| 2:56 | Create | Villager (Male) |
| 3:01 | Build | Dock |
| 4:23 | Create | Fishing Ship |
| 4:55 | Create | Villager (Male) |
| 5:07 | Build | House |
| 5:21 | Create | Villager (Male) |
| 5:46 | Create | Villager (Male) |
| 6:13 | Create | Villager (Male) |
| 6:14 | Create | Villager (Male) |
| 6:18 | Build | House |
| 6:27 | Create | Villager (Male) |
| 6:27 | Create | Villager (Male) |
| 6:47 | Build | House |
| 6:52 | Build | Palisade Wall |
| 6:53 | Build | Palisade Wall |
| 6:56 | Create | Villager (Male) |
| 6:56 | Create | Villager (Male) |
| 7:29 | Create | Fishing Ship |
| 7:40 | Create | Villager (Male) |
| 7:41 | Create | Villager (Male) |
| 7:41 | Create | Villager (Male) |
| 7:41 | Create | Villager (Male) |
| 7:50 | Create | Villager (Male) |
| 7:50 | Create | Villager (Male) |
| 7:51 | Create | Villager (Male) |
| 8:09 | Create | Villager (Male) |
| 8:09 | Create | Villager (Male) |
| 8:10 | Create | Villager (Male) |
| 8:24 | Create | Villager (Male) |
| 8:25 | Create | Villager (Male) |
| 8:29 | Create | Fishing Ship |
| 8:50 | Create | Villager (Male) |
| 8:50 | Create | Villager (Male) |
| 8:50 | Create | Villager (Male) |
| 9:03 | Create | Villager (Male) |
| 9:03 | Create | Villager (Male) |
| 9:05 | Create | Fishing Ship |
| 9:13 | Build | House |
| 9:41 | Create | Villager (Male) |
| 9:43 | Create | Fishing Ship |
| 9:49 | Build | House |
| 9:54 | Create | Villager (Male) |
| 10:32 | Create | Villager (Male) |
| 10:41 | Create | Fishing Ship |
| 10:43 | Build | House |
| 10:48 | Create | Villager (Male) |
| 11:33 | Build | Lumber Camp |
| 11:46 | Build | Mill |
| 11:57 | Build | House |
| 11:59 | Create | Fishing Ship |
| 12:09 | Research | Feudal Age |
| 12:10 | Research | Feudal Age |
| 12:10 | Research | Feudal Age |
| 12:53 | Create | Villager (Male) |
| 13:19 | Create | Villager (Male) |
| 13:32 | Create | Villager (Male) |
| 13:44 | Build | Mining Camp |
| 14:10 | Create | Villager (Male) |
| 14:26 | Age | Feudal Age |
| 14:28 | Build | Market |
| 14:30 | Build | Blacksmith |
| 14:34 | Build | House |
| 15:27 | Research | Castle Age |
| 16:22 | Build | Outpost |
| 16:51 | Create | Villager (Male) |
| 17:16 | Create | Villager (Male) |
| 17:28 | Research | Double-Bit Axe |
| 17:51 | Create | Villager (Male) |
| 18:08 | Create | Villager (Male) |
| 18:21 | Age | Castle Age |
| 18:25 | Build | Castle |
| 18:31 | Create | Villager (Male) |
| 19:11 | Create | Villager (Male) |
| 19:17 | Build | Siege Workshop |
| 19:20 | Create | Samurai ×5 |
| 19:21 | Create | Villager (Male) |
| 19:34 | Create | Samurai |
| 19:35 | Create | Battering Ram |
| 19:40 | Research | Bow Saw |
| 19:54 | Create | Villager (Male) |
| 19:55 | Create | Samurai |
Build order — asdf
92 actions detected in the replay
| 1:21 | Build | Town Center |
| 2:53 | Create | Villager (Male) |
| 2:53 | Create | Villager (Male) |
| 2:53 | Create | Villager (Male) |
| 2:54 | Create | Villager (Male) |
| 3:04 | Build | House |
| 3:25 | Research | Loom |
| 3:26 | Create | Villager (Male) |
| 3:26 | Create | Villager (Male) |
| 3:27 | Create | Villager (Male) |
| 3:27 | Create | Villager (Male) |
| 3:48 | Build | Dock |
| 4:26 | Create | Fishing Ship |
| 5:07 | Build | House |
| 5:22 | Create | Villager (Male) |
| 5:22 | Create | Villager (Male) |
| 5:46 | Create | Villager (Male) |
| 5:46 | Create | Villager (Male) |
| 6:13 | Create | Villager (Male) |
| 6:37 | Create | Villager (Male) |
| 6:44 | Build | House |
| 6:49 | Create | Fishing Ship |
| 6:51 | Create | Villager (Male) |
| 7:14 | Build | House |
| 7:29 | Create | Villager (Male) |
| 7:51 | Build | House |
| 7:51 | Create | Villager (Male) |
| 8:04 | Create | Fishing Ship |
| 8:17 | Create | Villager (Male) |
| 8:23 | Build | Palisade Wall |
| 8:23 | Build | Palisade Wall |
| 8:24 | Build | Palisade Wall |
| 8:44 | Create | Villager (Male) |
| 8:44 | Create | Villager (Male) |
| 9:00 | Create | Fishing Ship |
| 9:10 | Create | Villager (Male) |
| 9:32 | Build | Palisade Wall |
| 9:33 | Build | Palisade Wall |
| 9:35 | Create | Villager (Male) |
| 9:44 | Build | Mill |
| 9:49 | Create | Villager (Male) |
| 9:55 | Build | Palisade Wall |
| 10:05 | Build | Palisade Wall |
| 10:05 | Create | Villager (Male) |
| 10:18 | Create | Fishing Ship |
| 10:33 | Build | Palisade Wall |
| 10:34 | Build | House |
| 10:44 | Create | Villager (Male) |
| 11:03 | Create | Fishing Ship |
| 11:13 | Create | Villager (Male) |
| 11:38 | Research | Feudal Age |
| 11:42 | Build | Lumber Camp |
| 12:49 | Build | Dock |
| 13:46 | Build | House |
| 13:50 | Age | Feudal Age |
| 13:50 | Create | Villager (Male) |
| 13:57 | Create | Unit 2626 |
| 13:57 | Create | Unit 2626 |
| 14:01 | Build | Mining Camp |
| 14:02 | Research | Double-Bit Axe |
| 14:16 | Create | Villager (Male) |
| 14:18 | Research | Horse Collar |
| 14:34 | Create | Villager (Male) |
| 14:47 | Research | Gold Mining |
| 14:52 | Create | Villager (Male) |
| 15:00 | Create | Unit 2626 |
| 15:12 | Create | Villager (Male) |
| 15:22 | Create | Galley |
| 15:23 | Create | Galley |
| 15:35 | Build | House |
| 15:37 | Research | Wheelbarrow |
| 16:13 | Build | Dock |
| 16:16 | Create | Galley |
| 16:16 | Create | Galley |
| 16:28 | Build | House |
| 16:39 | Build | House |
| 16:41 | Create | Villager (Male) |
| 16:50 | Create | Galley |
| 17:00 | Create | Villager (Male) |
| 17:07 | Create | Unit 2626 |
| 17:32 | Build | Blacksmith |
| 17:42 | Create | Villager (Male) |
| 17:58 | Build | Market |
| 17:59 | Create | Villager (Male) |
| 18:13 | Create | Unit 2626 |
| 18:29 | Create | Villager (Male) |
| 18:38 | Create | Villager (Male) |
| 18:49 | Create | Unit 2626 |
| 19:06 | Research | Fletching |
| 19:07 | Research | Fletching |
| 19:10 | Build | Lumber Camp |
| 19:11 | Create | Villager (Male) |
Build order — Kyandie
76 actions detected in the replay
| 1:18 | Build | Town Center |
| 2:58 | Create | Villager (Male) |
| 2:59 | Create | Villager (Male) |
| 2:59 | Create | Villager (Male) |
| 2:59 | Create | Villager (Male) |
| 2:59 | Create | Villager (Male) |
| 3:59 | Build | Dock |
| 4:45 | Create | Villager (Male) |
| 4:45 | Create | Villager (Male) |
| 4:46 | Create | Villager (Male) |
| 5:10 | Create | Villager (Male) |
| 5:34 | Create | Villager (Male) |
| 5:54 | Create | Fishing Ship |
| 6:01 | Create | Villager (Male) |
| 6:12 | Create | Villager (Male) |
| 6:25 | Create | Villager (Male) |
| 6:54 | Create | Fishing Ship |
| 7:12 | Create | Villager (Male) |
| 7:19 | Create | Fishing Ship |
| 7:34 | Create | Villager (Male) |
| 7:41 | Create | Fishing Ship |
| 7:50 | Create | Villager (Male) |
| 8:17 | Create | Villager (Male) |
| 8:18 | Create | Fishing Ship |
| 8:32 | Create | Villager (Male) |
| 8:44 | Create | Fishing Ship |
| 9:03 | Build | Mill |
| 9:10 | Create | Villager (Male) |
| 9:23 | Create | Villager (Male) |
| 9:24 | Create | Fishing Ship |
| 9:51 | Create | Villager (Male) |
| 10:17 | Create | Villager (Male) |
| 10:52 | Create | Villager (Male) |
| 11:12 | Build | Barracks |
| 11:20 | Build | Palisade Wall |
| 11:29 | Create | Villager (Male) |
| 11:32 | Research | Feudal Age |
| 12:46 | Build | Palisade Wall |
| 13:03 | Create | Villager (Male) |
| 13:42 | Age | Feudal Age |
| 13:46 | Build | Stable |
| 13:55 | Build | Blacksmith |
| 14:01 | Create | Villager (Male) |
| 14:30 | Research | Castle Age |
| 14:31 | Research | Castle Age |
| 14:41 | Build | Mining Camp |
| 14:43 | Create | Scout Cavalry |
| 14:45 | Research | Scale Barding Armor |
| 14:46 | Research | Forging |
| 15:16 | Build | Lumber Camp |
| 15:43 | Research | Double-Bit Axe |
| 15:47 | Create | Scout Cavalry |
| 15:47 | Create | Scout Cavalry |
| 16:10 | Research | Gold Mining |
| 16:26 | Research | Bloodlines |
| 16:34 | Create | Villager (Male) |
| 17:12 | Age | Castle Age |
| 17:18 | Build | Town Center |
| 17:23 | Research | Light Cavalry (upgrade) |
| 17:32 | Create | Villager (Male) |
| 17:59 | Create | Villager (Male) |
| 18:10 | Create | Villager (Male) |
| 18:15 | Create | Villager (Male) |
| 18:29 | Create | Villager (Male) |
| 18:38 | Build | Mill |
| 18:52 | Create | Knight |
| 19:00 | Create | Villager (Male) |
| 19:12 | Create | Knight |
| 19:13 | Create | Villager (Male) |
| 19:36 | Build | Town Center |
| 19:40 | Create | Villager (Male) |
| 19:40 | Create | Villager (Male) |
| 19:52 | Create | Villager (Male) |
| 19:53 | Research | Loom |
| 19:54 | Create | Villager (Male) |
| 20:03 | Create | Knight |
Match timeline
| 0:08 | BomBomB0 · first_building Dock |
| 0:19 | Idle Brother · first_building Dock |
| 1:24 | SHell | Denchik_Ne_Lohx · first_building Dock |
| 3:00 | T · first_building Dock |
| 3:01 | 快上我滴大冲车创他 0.0 · first_building Dock |
| 3:48 | asdf · first_building Dock |
| 3:59 | Kyandie · first_building Dock |
| 5:04 | BomBomB0 · wall_segment Palisade Wall x3 |
| 6:52 | 快上我滴大冲车创他 0.0 · wall_segment Palisade Wall x1 |
| 6:53 | 快上我滴大冲车创他 0.0 · wall_segment Palisade Wall x1 |
| 6:53 | Simon Stokvis · wall_segment Palisade Wall x6 |
| 7:42 | Simon Stokvis · wall_segment Palisade Wall x13 |
| 7:44 | Simon Stokvis · wall_segment Palisade Wall x3 |
| 8:07 | Simon Stokvis · wall_segment Palisade Wall x10 |
| 8:23 | asdf · wall_segment Palisade Wall x1 |
| 8:23 | asdf · wall_segment Palisade Wall x1 |
| 8:24 | asdf · wall_segment Palisade Wall x1 |
| 9:32 | asdf · wall_segment Palisade Wall x1 |
| 9:33 | asdf · wall_segment Palisade Wall x1 |
| 9:40 | Simon Stokvis · wall_segment Palisade Wall x6 |
| 9:42 | BomBomB0 · wall_segment Palisade Wall x5 |
| 9:55 | asdf · wall_segment Palisade Wall x1 |
| 10:05 | asdf · wall_segment Palisade Wall x1 |
| 10:33 | asdf · wall_segment Palisade Wall x1 |
| 10:36 | BomBomB0 · wall_segment Palisade Wall x8 |
| 11:12 | Simon Stokvis · first_building Barracks |
| 11:12 | Kyandie · first_building Barracks |
| 11:19 | Idle Brother · age_up feudal |
| 11:20 | Kyandie · wall_segment Palisade Wall x1 |
| 11:29 | BomBomB0 · wall_segment Palisade Wall x1 |
| 12:29 | SHell | Denchik_Ne_Lohx · age_up feudal |
| 12:46 | Kyandie · wall_segment Palisade Wall x1 |
| 12:48 | BomBomB0 · age_up feudal |
| 13:12 | T · age_up feudal |
| 13:42 | Kyandie · age_up feudal |
| 13:46 | Kyandie · first_building Stable |
| 13:50 | asdf · age_up feudal |
| 14:18 | Simon Stokvis · age_up feudal |
| 14:21 | Simon Stokvis · first_building Archery Range |
| 14:26 | 快上我滴大冲车创他 0.0 · age_up feudal |
| 15:52 | BomBomB0 · wall_segment Palisade Wall x1 |
| 15:53 | BomBomB0 · wall_segment Palisade Wall x1 |
| 15:56 | BomBomB0 · wall_segment Palisade Wall x2 |
| 15:57 | BomBomB0 · wall_segment Palisade Wall x1 |
| 17:12 | Kyandie · age_up castle |
| 17:14 | BomBomB0 · age_up castle |
| 18:16 | BomBomB0 · first_building Castle |
| 18:21 | 快上我滴大冲车创他 0.0 · age_up castle |
| 18:25 | 快上我滴大冲车创他 0.0 · first_building Castle |
| 18:37 | SHell | Denchik_Ne_Lohx · wall_segment Palisade Wall x1 |
| 18:39 | SHell | Denchik_Ne_Lohx · wall_segment Palisade Wall x1 |
| 18:49 | T · age_up castle |
| 19:17 | 快上我滴大冲车创他 0.0 · first_building Siege Workshop |
| 19:40 | asdf · resign |
| 19:49 | T · first_market_buy 100 wood |
[ AI ANALYSIS · 1 CREDIT ]
What really happened in this match?
Wolo.gg analyzes every decision: build order, eco, micro, common mistakes by bracket. Personalized analysis on WhatsApp or Discord in 30 seconds.
Civ guide
Persians
Perfil
Jugador #11969432